 Dungeon Crawl Stone Soup version 0.24-a0-201-gf205589 (webtiles) character file.

Game seed: 10542205923099824595

634 wirefist the Sneak (level 7, -2/52 HPs)
             Began as a Vampire Enchanter on Mar 23, 2019.
             Slain by Crazy Yiuf
             ... wielding a +2 quarterstaff of chaos
              (3 damage)
             ... on level 5 of the Dungeon.
             The game lasted 00:12:51 (8171 turns).

wirefist the Sneak (Vampire Enchanter)              Turns: 8171, Time: 00:12:51

Health: -2/52      AC:  2    Str:  7    XL:     7   Next: 24%
Magic:  3/10       EV: 15    Int: 18    God:
Gold:   270        SH:  0    Dex: 16    Spells: 4/10 levels left

rFire    . . .     SeeInvis +   h - +5 dagger
rCold    + + .     Gourm    .   (no shield)
rNeg     + + +     Faith    .   b - +0 robe
rPois    ∞         Spirit   .   (no helmet)
rElec    .         Reflect  .   (no cloak)
rCorr    .         Harm     .   (no gloves)
MR       +....                  (no boots)
Stlth    ++++++....             (no amulet)
HPRegen  0.00/turn              i - ring of protection from magic
MPRegen  0.12/turn              (no ring)

@: very slightly contaminated, bloodless, non-regenerating, slowed, very slow
A: fangs 3, see invisible, unbreathing
a: Bat Form


You were on level 5 of the Dungeon.
You were bloodless.

You visited 1 branch of the dungeon, and saw 5 of its levels.

You collected 270 gold pieces.

Inventory:

Hand Weapons
 a - a +1 dagger
 h - a +5 dagger (weapon)
Armour
 b - a +0 robe (worn)
 s - a +0 buckler
Jewellery
 i - a ring of protection from magic (left hand)
 q - an uncursed amulet of harm
Wands
 r - a wand of disintegration (13)
 t - a wand of enslavement (11)
Scrolls
 e - 4 scrolls of amnesia
 f - a scroll of fear {unknown}
 g - a scroll of blinking {unknown}
 j - 3 scrolls of magic mapping {unknown}
 l - 2 scrolls of enchant armour {unknown}
 o - a scroll of remove curse {unknown}
 v - 4 scrolls of teleportation {unknown}
Potions
 c - a potion of degeneration {unknown}
 d - 6 potions of blood
 k - 4 potions of heal wounds {unknown}
 m - a potion of might {unknown}
 n - a potion of haste {unknown}
 p - a potion of agility {unknown}
 u - a potion of curing {unknown}


   Skills:
 + Level 3.2 Fighting
 + Level 4.1 Short Blades
 + Level 4.6 Dodging
 + Level 7.4 Stealth
 - Level 2.0 Spellcasting
 - Level 5.1 Hexes


You had 4 spell levels left.
You knew the following spells:

 Your Spells              Type           Power        Failure   Level  Hunger
a - Corona                Hex            ###....      2%          1    #......
b - Ensorcelled Hibernat  Hex/Ice        ##....       10%         2    ###....
c - Tukima's Dance        Hex            ###.....     7%          3    ###....

Your spell library contained the following spells:

 Spells                   Type           Power        Failure   Level  Hunger
 Confuse                  Hex            ###.....     7%          3    ###....
 Dazzling Spray           Conj/Hex       ##....       19%         3    ###....


Dungeon Overview and Level Annotations

Branches:
Dungeon (5/15)
 Temple: D:4-7

Altars:

Annotations:
D:5 Crazy Yiuf


Innate Abilities, Weirdness & Mutations

You do not heal naturally.
You are immune to poison.
You have razor-sharp teeth.
You have supernaturally acute eyesight. (SInv)
You can survive without breathing.


Message History

You hit Crazy Yiuf.
Crazy Yiuf is heavily wounded.
Crazy Yiuf laughs, "Fluff spinner tired!"
Crazy Yiuf hits you with a +2 quarterstaff of chaos!
You feel yourself slow down.
You closely miss Crazy Yiuf.
Crazy Yiuf is heavily wounded.
Crazy Yiuf hits you with a +2 quarterstaff of chaos.
You hit Crazy Yiuf but do no damage.
Crazy Yiuf is heavily wounded.
Crazy Yiuf hits you with a +2 quarterstaff of chaos!
* * * LOW HITPOINT WARNING * * *
You hit Crazy Yiuf.
Crazy Yiuf is heavily wounded.
Crazy Yiuf hits you with a +2 quarterstaff of chaos!
* * * LOW HITPOINT WARNING * * *
You closely miss Crazy Yiuf.
Crazy Yiuf is heavily wounded.
Crazy Yiuf hits you with a +2 quarterstaff of chaos.
You die...

#..........#
#.######.#.#
#.# #####
#.# #.#
##### #.#
#..)# #.#
#...# #.#
#.g.# #.#
#@# #.# ♣♣.♣
#.# ♣.♣♣ #.#
♣♣.♣ #.#
♣.♣♣ #.#
♣♣.♣ #.#
♣..♣♣♣ #.#
♣....♣ #.#
#+..'#


You could see Crazy Yiuf.

Vanquished Creatures
  Edmund (D:5)
  A sky beast (D:5)
  A scorpion (D:5)
  A centaur zombie (D:5)
  A hound (D:4)
  An orc wizard (D:4)
  A jelly (D:5)
  3 worker ants (D:5)
  A worker ant zombie (D:5)
  3 adders
  4 gnolls (D:5)
  3 worms
  2 dart slugs
  A leopard gecko (D:2)
  5 orcs
  7 bats
  4 giant cockroaches
  4 goblins
  9 hobgoblins
  17 jackals
  7 kobolds
  A quokka (D:4)
  A frilled lizard (D:3)
  3 rats
82 creatures vanquished.

Vanquished Creatures (collateral kills)
  An ogre (D:4)
1 creature vanquished.

Vanquished Creatures (others)
  A dancing weapon (D:5)
1 creature vanquished.

Grand Total: 84 creatures vanquished

Notes
Turn   | Place    | Note
-------+----------+-------------------------------------------
     0 | D:1      | wirefist the Vampire Enchanter began the quest for the Orb.
     0 | D:1      | Reached XP level 1. HP: 13/13 MP: 3/3
   540 | D:1      | Reached XP level 2. HP: 3/20 MP: 5/5
  2046 | D:1      | Reached skill level 1 in Fighting
  2046 | D:1      | Reached skill level 5 in Stealth
  2663 | D:1      | Reached XP level 3. HP: 23/26 MP: 6/6
  3283 | D:1      | Learned a level 2 spell: Ensorcelled Hibernation
  3287 | D:1      | Learned a level 3 spell: Tukima's Dance
  4167 | D:2      | Reached XP level 4. HP: 27/32 MP: 7/7
  6245 | D:4      | Reached skill level 5 in Hexes
  6245 | D:4      | Reached XP level 5. HP: 34/38 MP: 3/8
  6408 | D:4      | Noticed an ogre
  6421 | D:4      | Killed an ogre
  6421 | D:4      | Reached skill level 6 in Stealth
  7029 | D:5      | Entered Level 5 of the Dungeon
  7042 | D:5      | Reached XP level 6. HP: 40/44 MP: 9/9
  7128 | D:5      | Noticed Edmund
  7153 | D:5      | Killed Edmund
  7814 | D:5      | Noticed a sky beast
  7820 | D:5      | Killed a sky beast
  7820 | D:5      | Reached skill level 7 in Stealth
  7847 | D:5      | Reached XP level 7. HP: 52/52 MP: 8/10
  8154 | D:5      | Found a runed translucent door.
  8155 | D:5      | Noticed Crazy Yiuf
  8170 | D:5      | HP: 1/52 [Crazy Yiuf/+2 quarterstaff of chaos (7)]
  8171 | D:5      | Slain by Crazy Yiuf

Levels and vault maps discovered:
D:1:      ncdulo_wetmaze, layout_basic
D:2:      layout_loops_corners
D:3:      layout_loops_cross
D:4:      layout_rooms, serial_park_tiny_1
D:5:      layout_basic, serial_rivers, chequers_serial_rivers_room_a,
          chequers_serial_rivers_micro_c, chequers_serial_rivers_micro_b,
          chequers_serial_rivers_room_a, first_ration, uniq_edmund,
          uniq_crazy_yiuf_cottage, uniq_ijyb

Skill      XL: |  1  2  3  4  5  6  7 |
---------------+----------------------+-----
Fighting       | 1 2 3 |  3.2
Stealth        | 5 6 7 |  7.4
Short Blades   | 2 3 4 |  4.1
Dodging        | 3 4 |  4.6
Hexes          | 5 |  5.1
Spellcasting   | |  2.0

Action                   |  1- 3 |  4- 6 |  7- 9 || total
-------------------------+-------+-------+-------++-------
Melee: Dagger            |   143 |   103 |    17 ||   263
       Bite              |    13 |    10 |       ||    23
 Cast: Ensorcelled Hiber |       |     6 |     3 ||     9
       Tukima's Dance    |       |     2 |       ||     2
  Use: Potion            |     2 |     7 |       ||     9
       Scroll            |     1 |     3 |       ||     4
 Stab: Sleeping          |    14 |     7 |     6 ||    27
       Distracted        |       |     1 |       ||     1
Armor: Robe              |    20 |     7 |     1 ||    28
Dodge: Dodged            |    97 |    61 |     5 ||   163

Table legend:
 A = Non-vault XP
 B = Vault XP
 C = Vault XP percentage of total XP
 D = Non-vault monster count
 E = Vault monster count
 F = Vault count percentage of total count
                 A         B        C        D         E       F
            +---------+---------+-------+---------+---------+-------
      Total |     807 |      99 |  10.9 |      82 |       1 |   1.2
            +---------+---------+-------+---------+---------+-------
        D:1 |      52 |       0 |   0.0 |      27 |       0 |   0.0
        D:2 |      51 |       0 |   0.0 |      23 |       0 |   0.0
        D:3 |      19 |       0 |   0.0 |       8 |       0 |   0.0
        D:4 |     218 |       0 |   0.0 |       8 |       0 |   0.0
        D:5 |     467 |      99 |  17.5 |      16 |       1 |   5.9
            +---------+---------+-------+---------+---------+-------
